 Dungeon Crawl Stone Soup version 0.29.1-15-g9cfb28693d (webtiles) character file.

Game seed: 14799258971638638260

1273 KittyFluff the Cudgeller (level 8, -6/50 HPs)
             Began as a Gargoyle Berserker on Apr 23, 2023.
             Was a Priest of Trog.
             Mangled by an orc warrior
             ... wielding a +0 trident
              (9 damage)
             ... on level 5 of the Dungeon.
             The game lasted 00:22:22 (7998 turns).

KittyFluff the Cudgeller (Gargoyle Berserker)       Turns: 7998, Time: 00:22:23

Health: -6/50      AC: 14    Str: 21    XL:     8   Next: 53%
Magic:  8/8        EV: 12    Int:  8    God:    Trog [***...]
Gold:   235        SH:  0    Dex: 11    Spells: 7/7 levels left

rFire   . . .      SeeInvis .   F - +2 flail
rCold   . . .      Faith    .   (no shield)
rNeg    + . .      Spirit   .   u - +0 leather armour
rPois   ∞          Reflect  .   k - +0 helmet
rElec   +          Harm     .   b - +0 cloak
rCorr   +          Rampage  .   (no gloves)
Will    .....                   n - +2 pair of boots
Stlth   ++........              (no amulet)
HPRegen 0.16/turn               g - ring of resist corrosion
MPRegen 0.11/turn               (no ring)

@: no status effects
A: sickness immunity, AC +5, negative energy resistance 1, electricity
resistance, torment resistance 1, petrification resistance
a: Renounce Religion, Berserk, Trog's Hand


You were on level 5 of the Dungeon.
You worshipped Trog.
Trog was most pleased with you.
You visited 1 branch of the dungeon, and saw 6 of its levels.

You collected 235 gold pieces.

Inventory:

Hand Weapons
 a - a +0 mace
 s - a +0 sling
 F - a +2 flail (weapon)
Missiles
 e - 44 stones (quivered)
 j - 5 poisoned darts
 o - 3 silver javelins
 y - 2 boomerangs
 B - 5 javelins
Armour
 b - a +0 cloak (worn)
 k - a +0 helmet (worn)
 n - a +2 pair of boots (worn)
 u - a +0 leather armour (worn)
 C - the +1 leather armour of Lepporaph {rC- rN+ Dex+2}
   (You found it on level 5 of the Dungeon)

   Dex:       It affects your dexterity (+2).
   rC:        It makes you vulnerable to cold.
   rN:        It protects you from negative energy.
Jewellery
 g - a ring of resist corrosion (left hand)
Wands
 A - a wand of mindburst (21)
Scrolls
 d - a scroll of brand weapon
 h - a scroll of vulnerability {unknown}
 l - 3 scrolls of enchant weapon {unknown}
 m - 3 scrolls of fear {unknown}
 p - a scroll of fog
 r - a scroll of poison
 v - 4 scrolls of teleportation {unknown}
 E - a scroll of identify
Potions
 c - 4 potions of resistance
 f - a potion of heal wounds
 i - a potion of haste {unknown}
 q - 2 potions of curing {unknown}
 t - 2 potions of attraction {unknown}
 w - a potion of degeneration {unknown}
 x - a potion of brilliance {unknown}
 z - a potion of magic {unknown}
 D - a potion of cancellation {unknown}


   Skills:
 + Level 5.5 Fighting
 + Level 7.0 Maces & Flails
 * Level 5.1 Armour
 + Level 3.9 Dodging
 + Level 2.5 Stealth


You had 7 spell levels left.
You didn't know any spells.
Your spell library was empty.

Dungeon Overview and Level Annotations

Branches:
Dungeon (6/15)
 Temple: D:4-7

Altars:
Elyvilon
Vehumet
Zin

Annotations:
D:4 3 runed translucent doors, sillygoose99's ghost, novice HOFi


Innate Abilities, Weirdness & Mutations

You are immune to sickness and miasma.
Your stone body is resilient. (AC +5)
You are immune to poison.
You resist negative energy. (rN+)
You are resistant to electric shocks. (rElec)
You are resistant to unholy torment.
You are immune to petrification.


Message History

HP restored.
You start waiting.
Done waiting.
Things that are here:
a +2 flail; a +0 robe
F - a +2 flail
F - a +2 flail (weapon)
There is a stone staircase leading down here.
You climb downwards.
The orc warrior hits you with a +0 trident!
The orc barely misses you.
The orc warrior hits you with a +0 trident.
The orc hits you with a +0 flail.
There is a stone staircase leading up here.
You closely miss the orc. The orc closely misses you.
The orc warrior barely misses you.
You sock the orc!
You kill the orc!
Trog accepts your kill. The orc warrior barely misses you.
You barely miss the orc warrior.
The orc warrior hits you with a +0 trident!
The centaur shouts!
The orc warrior hits you with a +0 trident.
You climb upwards.
There is a stone staircase leading down here.
You closely miss the orc warrior.
The orc warrior hits you with a +0 trident!
* * * LOW HITPOINT WARNING * * *
You sock the orc warrior!
The orc warrior is heavily wounded.
The orc warrior misses you.
You closely miss the orc warrior.
The orc warrior is heavily wounded.
The orc warrior hits you with a +0 trident.
* * * LOW HITPOINT WARNING * * *
You barely miss the orc warrior.
The orc warrior is heavily wounded.
The orc warrior hits you with a +0 trident!
You die...

.......##
#..##...#### #..
........# ##....###
#.. ....>.<.# #..###
#.. ........#
########.## #..
.......## #.....#.##
#.. .......#
##.....#.# #..
......## ##........#
##.. ......##
#.....÷[.## #..#
.......###......@..#
#..#
....##.##.<......o.##
#..#
....###.............#
#..# ..###
#.............# ##..#
### ##...........##
#...# ##.........##
#...# ##.###...##
#...# ##......##
##...# ##...##..###
##### #.....


You could see an orc warrior.

Vanquished Creatures
  A water moccasin (D:5)
  2 ogres
  A phantom (D:4)
  A scorpion (D:5)
  2 necrophages
  4 wights
  A howler monkey (D:5)
  2 hounds
  2 orc priests
  Crazy Yiuf (D:4)
  2 iguanas (D:4)
  2 orc wizards (D:5)
  Robin (D:4)
  7 adders
  4 gnolls (D:4)
  A shadow imp (D:4)
  2 ufetubi
  A worm (D:3)
  2 dart slugs (D:2)
  15 orcs
  5 endoplasms
  A giant cockroach (D:3)
  10 goblins
  12 hobgoblins
  6 jackals
  7 kobolds
  4 quokkas
  6 ball pythons
  6 bats
  3 frilled lizards (D:2)
  A rat (D:2)
115 creatures vanquished.

Vanquished Creatures (others)
  7 plants (D:3)
7 creatures vanquished.

Grand Total: 122 creatures vanquished

Notes
Turn   | Place    | Note
-------+----------+-------------------------------------------
     0 | D:1      | KittyFluff the Gargoyle Berserker began the quest for the
                  | Orb.
     0 | D:1      | Reached XP level 1. HP: 14/14 MP: 1/1
   328 | D:1      | Reached XP level 2. HP: 19/19 MP: 2/2
  1435 | D:2      | Found a white marble altar of Elyvilon.
  1458 | D:2      | Noticed a golden eye
  1482 | D:2      | Found a faded altar of an unknown god.
  1484 | D:2      | Noticed a shining eye
  1491 | D:2      | Reached XP level 3. HP: 24/24 MP: 3/3
  2029 | D:2      | Reached ** piety under Trog
  2211 | D:2      | Reached XP level 4. HP: 25/29 MP: 4/4
  2224 | D:2      | Noticed a floating eye
  2233 | D:2      | Noticed a floating eye
  2358 | D:3      | Reached skill level 1 in Stealth
  2868 | D:3      | Noticed a necrophage
  2888 | D:3      | Killed a necrophage
  2889 | D:3      | Reached skill level 4 in Maces & Flails
  2889 | D:3      | Reached XP level 5. HP: 20/33 MP: 5/5
  3846 | D:4      | Found a runed translucent gate.
  3846 | D:4      | Found a runed translucent gate.
  3852 | D:4      | Noticed sillygoose99's ghost (novice HOFi)
  3855 | D:4      | Found a runed translucent gate.
  3871 | D:4      | Noticed a phantom
  3902 | D:4      | HP: 1/33 [phantom (5)]
  3931 | D:4      | Killed a phantom
  3932 | D:4      | Reached XP level 6. HP: 13/38 MP: 6/6
  4345 | D:4      | Noticed Robin
  4363 | D:4      | Killed Robin
  4527 | D:4      | Reached skill level 5 in Maces & Flails
  4761 | D:4      | Reached XP level 7. HP: 29/44 MP: 7/7
  4948 | D:4      | Found a runed translucent door.
  4949 | D:4      | Noticed Crazy Yiuf
  4958 | D:4      | Paralysed by Crazy Yiuf for 4 turns
  4963 | D:4      | Killed Crazy Yiuf
  5541 | D:4      | Reached *** piety under Trog
  5615 | D:5      | Entered Level 5 of the Dungeon
  5706 | D:5      | Identified the +1 leather armour of Lepporaph {rC- rN+
                  | Dex+2}
  5742 | D:5      | Reached skill level 6 in Maces & Flails
  6188 | D:5      | Reached XP level 8. HP: 24/48 MP: 8/8
  6370 | D:5      | Found a radiant altar of Vehumet.
  6444 | D:5      | Found a glowing silver altar of Zin.
  6655 | D:5      | HP: 3/72 [something/puff of flame (9)]
  7368 | D:6      | Reached skill level 5 in Fighting
  7646 | D:5      | Reached skill level 7 in Maces & Flails
  7646 | D:5      | Reached skill level 5 in Armour
  7998 | D:5      | Mangled by an orc warrior

Illustrated notes

Levels and vault maps discovered:
D:1:      ncdulo_lavacross, layout_basic, minmay_statues_item
D:2:      layout_loops_corners, hellmonk_ecumenical_altar_watching_god,
          basic_altar
D:3:      layout_loops_ring, serial_forest, infiniplex_forest_zigzag_1,
          infiniplex_forest_split, infiniplex_forest_split,
          infiniplex_forest_lined_room_3, infiniplex_forest_lined_2,
          infiniplex_forest_end_3, infiniplex_forest_end_3,
          infiniplex_forest_lined_2, infiniplex_forest_zigzag_1,
          infiniplex_forest_end_1, chequers_jeans
D:4:      layout_loops_ring, gammafunk_ghost_split,
          amcnicky_mini_rare_corridor_liquid, wad_floor_pattern_untrapped,
          uniq_crazy_yiuf_cottage, uniq_robin
D:5:      layout_cave_pods, mainiacjoe_overflow_swirl
D:6:      layout_rooms, corexii_shack

Skill      XL: |  1  2  3  4  5  6  7  8 |
---------------+-------------------------+-----
Dodging        | 2 3 |  3.9
Stealth        | 1 2 |  2.5
Fighting       | 4 5 |  5.5
Maces & Flails | 4 5 6 7 |  7.0
Armour         | 3 4 5 |  5.1

Action                   |  1- 3 |  4- 6 |  7- 9 || total
-------------------------+-------+-------+-------++-------
Melee: Mace              |   144 |   198 |   218 ||   560
       Punch             |     3 |       |     3 ||     6
       Flail             |       |       |     7 ||     7
Invok: Berserk           |     1 |       |     2 ||     3
  Use: Scroll            |       |     4 |     3 ||     7
       Potion            |       |     1 |       ||     1
 Stab: Sleeping          |     3 |     1 |     1 ||     5
       Distracted        |     1 |       |       ||     1
Armor: Animal skin       |    63 |    74 |     5 ||   142
       Leather armour    |       |       |    97 ||    97
Dodge: Dodged            |    98 |   115 |   156 ||   369
